 Dungeon Crawl Stone Soup version 0.22-a0-407-gb098539 (webtiles) character file.

56 raistware the Magician (level 3, -8/24 HPs)
             Began as a Mummy Wizard on May 9, 2018.
             Killed from afar by an orc wizard (10 damage)
             ... with a puff of flame
             ... on level 3 of the Dungeon.
             The game lasted 00:05:40 (2333 turns).

raistware the Magician (Mummy Wizard)               Turns: 2333, Time: 00:05:40

Health: -8/24      AC:  5    Str: 10    XL:     3   Next: 69%
Magic:  0/8        EV: 12    Int: 18    God:
Gold:   151        SH:  0    Dex: 10    Spells: 2/10 levels left

rFire    x . .     SeeInvis .   c - +0 short sword
rCold    + . .     Gourm    .   (no shield)
rNeg     + + +     Faith    .   a - +0 robe
rPois    ∞         Spirit   .   g - +0 helmet
rElec    .         Reflect  .   (no cloak)
rCorr    .         Harm     .   k - +1 pair of gloves
MR       .....                  (no boots)
Stlth    ++........             (no amulet)
HPRegen  0.08/turn              (no ring)
MPRegen  0.11/turn              (no ring)

@: no status effects
A: no food or potions, fire vulnerability, cold resistance 1, negative energy
resistance 3, torment resistance, unbreathing
a: no special abilities


You were on level 3 of the Dungeon.
You were not hungry.

You visited 1 branch of the dungeon, and saw 3 of its levels.

You collected 151 gold pieces.

Inventory:

Hand Weapons
 c - a +0 short sword (weapon)
Armour
 a - a +0 robe (worn)
 g - a +0 helmet (worn)
 k - a +1 pair of gloves (worn)
Scrolls
 b - 2 scrolls of amnesia {unknown}
 d - 5 scrolls of identify
 e - a scroll of fog {unknown}
 f - a scroll of magic mapping {unknown}
 h - a scroll of remove curse
 i - a scroll of teleportation {unknown}
 j - a scroll of enchant weapon {unknown}


   Skills:
 - Level 1.5 Dodging
 - Level 1.5 Stealth
 - Level 4.0 Spellcasting
 + Level 3.0 Conjurations
 - Level 0.7 Summonings
 - Level 0.7 Translocations


You had 2 spell levels left.
You knew the following spells:

 Your Spells              Type           Power        Failure   Level  Hunger
a - Magic Dart            Conj           ##..         4%          1    N/A
b - Blink                 Tloc           N/A          17%         2    N/A
c - Call Imp              Summ           #.......     17%         2    N/A
d - Conjure Flame         Conj/Fire      #.......     24%         3    N/A

Dungeon Overview and Level Annotations

Branches:
Dungeon (3/15)

Altars:
Nemelex Xobeh


Innate Abilities, Weirdness & Mutations

You do not eat or drink.
Your flesh is vulnerable to fire.
You are immune to poison.
Your flesh is cold resistant. (rC+)
You are immune to negative energy. (rN+++)
You are immune to unholy pain and torment.
You can survive without breathing.


Message History

A magic dart appears from out of thin air!
The magic dart hits you!
* * * LOW HITPOINT WARNING * * *
You close the door.
Something unseen opens the door.
You close the door.
Something unseen opens the door.
You close the door.
Something unseen opens the door.
Your magical contamination has completely faded away.
You close the door.
Something unseen opens the door.
As you close the door, it creaks loudly!
Something unseen opens the door.
You close the door.
Something unseen opens the door.
Casting: Magic Dart (safe; 4% risk of failure)
Confirm with . or Enter, or press ? or * to list all spells.
Aiming: Magic Dart (safe; 4% risk of failure)
Press: ? - help, Shift-Dir - straight line The magic dart hits something.
You hear some strange, mumbled words.
A puff of flame appears from out of thin air!
The puff of flame hits you! The fire burns you terribly!
You die...

##'### ###### #..# #....# ##+
#..# #####.#..# .... ##.##
....#.##.######## ... #..#
#....#.........# ..# ##.##
#....#..######.# #.# #..#
#.......######'#######.#.####..#
##'####.##...÷.@.......#.......#
##'####.##.........#####........
#.......##.........# #........
##.......##.........# #..#####.
.'.).....##.........# #..#.. .
##.......##....^....#####..#.# #
#..####...#####...........#.#
....# ...# #...........#.#
.....# ...# #...†.......#.#


There were no monsters in sight!

Vanquished Creatures
  An adder (D:3)
  An ooze (D:1)
  2 ball pythons
  8 bats
  3 giant cockroaches
  A goblin (D:3)
  8 hobgoblins
  4 jackals
  2 frilled lizards
  5 kobolds
  4 rats
39 creatures vanquished.

Notes
Turn   | Place    | Note
-------+----------+-------------------------------------------
     0 | D:1      | raistware the Mummy Wizard began the quest for the Orb.
     0 | D:1      | Reached XP level 1. HP: 13/13 MP: 5/5
    12 | D:1      | Found a sparkling altar of Nemelex Xobeh.
    49 | D:1      | Reached skill level 1 in Conjurations
   325 | D:1      | Reached XP level 2. HP: 19/19 MP: 4/7
   329 | D:1      | Learned a level 2 spell: Blink
   332 | D:1      | Learned a level 2 spell: Call Imp
  1428 | D:2      | Reached XP level 3. HP: 24/24 MP: 3/8
  1433 | D:2      | Learned a level 3 spell: Conjure Flame
  2333 | D:3      | Killed from afar by an orc wizard

Vault maps used:
D:1:      dpeg_arrival_pond, nemelex_xobeh_ov_fountains_minmay
D:3:      first_ration

Skill      XL: |  1  2  3 |
---------------+----------+-----
Conjurations   | 1 2 3 |  3.0
Dodging        | |  1.5
Stealth        | |  1.5
Spellcasting   | |  4.0
Summonings     | |  0.7
Translocations | |  0.7

Action                   || total
-------------------------++-------
Melee: Unarmed           ||    11
       Short sword       ||     9
 Cast: Magic Dart        ||   103
  Use: Scroll            ||     2
Armor: Robe              ||     6
Dodge: Dodged            ||    20

Table legend:
 A = Spawn XP
 B = Non-spawn XP
 C = Spawn XP percentage of total XP
 D = Spawn monster count
 E = Non-spawn monster count
 F = Spawn count percentage of total count
 G = Total turns spent on level
                    A         B        C        D         E        F      G
               +---------+---------+-------+---------+---------+-------+---------
         Total |       0 |      80 |   0.0 |       0 |      39 |   0.0 |  2333
               +---------+---------+-------+---------+---------+-------+---------
           D:1 |       0 |      31 |   0.0 |       0 |      17 |   0.0 |  1195
           D:2 |       0 |      20 |   0.0 |       0 |      12 |   0.0 |   639
           D:3 |       0 |      29 |   0.0 |       0 |      10 |   0.0 |   499
               +---------+---------+-------+---------+---------+-------+---------
